 Dungeon Crawl Stone Soup version 0.19.5 (webtiles) character file.

10174 Stendarr the Destroyer (level 11, -10/75 HPs)
             Began as a High Elf Air Elementalist on May 13, 2017.
             Was a High Priest of Okawaru.
             Mangled by a yak (11 damage)
             ... on level 11 of the Dungeon.
             The game lasted 00:41:20 (12308 turns).

Stendarr the Destroyer (High Elf Air Elementalist) Turns: 12308, Time: 00:41:20

Health: -10/75     AC: 12    Str: 10    XL:     11   Next: 32%
Magic:  8/21       EV: 24    Int: 20    God:    Okawaru [*****.]
Gold:   723        SH:  0    Dex: 21    Spells: 5 memorised, 9 levels left

rFire  . . .     SeeInvis +     a - +2 falchion (freeze)
rCold  . . .     Gourm    .     Z - +0 robe {MR+}
rNeg   . . .     Faith    .     (no shield)
rPois  .         Spirit   .     U - +2 hat {SInv}
rElec  .         Reflect  .     G - +2 cloak
rCorr  .         Harm     .     (no gloves)
MR     ++...                    (no boots)
Stlth  +++.......               (no amulet)
                                R - +5 ring of protection
                                p - ring of see invisible

@: agile, barbed spikes, very slightly contaminated, hasted, very quick
A: no striking features
a: Heroism, Finesse, Renounce Religion


You were on level 11 of the Dungeon.
You worshipped Okawaru.
Okawaru was extremely pleased with you.
You were hungry.

You visited 2 branches of the dungeon, and saw 12 of its levels.

You collected 723 gold pieces.

Inventory:

Hand Weapons
 a - a +2 falchion of freezing (weapon)
 s - a +4 quarterstaff of chaos
Armour
 G - a +2 cloak (worn)
 U - a +2 hat of see invisible (worn)
 Z - a +0 robe of magic resistance (worn)
Jewellery
 m - an uncursed ring of wizardry
 p - a ring of see invisible (left hand)
 N - a +2 ring of slaying
 R - a +5 ring of protection (right hand)
 Y - an uncursed ring of flight
Wands
 t - a wand of disintegration (15/24)
 I - a wand of iceblast (8/15)
 M - a wand of disintegration (9/24)
 O - a wand of lightning (9/15)
 V - a wand of lightning (5/15)
Scrolls
 f - 4 scrolls of enchant weapon {unknown}
 i - 7 scrolls of remove curse
 j - 4 scrolls of blinking {unknown}
 k - a scroll of magic mapping {unknown}
 n - a scroll of identify
 o - 4 scrolls of recharging {unknown}
 q - 5 scrolls of fog {unknown}
 w - 3 scrolls of fear {unknown}
 y - a scroll of holy word {unknown}
 B - 3 scrolls of random uselessness {unknown}
 F - 3 scrolls of amnesia {unknown}
 H - a scroll of noise {unknown}
 Q - a scroll of enchant armour
 W - a scroll of immolation {unknown}
Potions
 d - 3 potions of curing
 e - a potion of cancellation
 u - 2 potions of flight {unknown}
 v - a potion of haste
 A - 3 potions of brilliance
 C - 3 potions of berserk rage
 D - 3 potions of agility
 E - a potion of invisibility {unknown}
 J - a potion of magic {unknown}
 K - a potion of might {unknown}
 L - a potion of degeneration {unknown}
 P - a potion of beneficial mutation {unknown}
 S - a potion of resistance {unknown}
 X - a potion of ambrosia {unknown}
Books
 b - a book of Air

   Spells                             Type                      Level
   a - Shock                          Conjuration/Air              1
   b - Swiftness                      Charms/Air                   2
   c - Repel Missiles                 Charms/Air                   2
   d - Static Discharge               Conjuration/Air              3
   e - Lightning Bolt                 Conjuration/Air              5
Comestibles
 c - 7 bread rations
 h - 6 meat rations
 l - 8 beef jerkies
 z - 3 fruits
 T - a slice of pizza


   Skills:
 - Level 7.6 Fighting
 - Level 7.7 Long Blades
 - Level 8.4 Dodging
 - Level 2.1 Stealth
 - Level 6.0 Spellcasting
 + Level 11.1 Conjurations
 - Level 8.0 Air Magic


You had 9 spell levels left.
You knew the following spells:

 Your Spells              Type           Power        Failure   Level  Hunger
a - Shock                 Conj/Air       ####         1%          1    None
b - Repel Missiles        Chrm/Air       ###...       2%          2    None
c - Swiftness             Chrm/Air       ###.....     2%          2    None
d - Static Discharge      Conj/Air       #####...     1%          3    ##.....
e - Lightning Bolt        Conj/Air       #####.....   8%          5    #####..


Dungeon Overview and Level Annotations

Branches:
Dungeon (11/15)            Temple (1/1) D:6            Lair (0/6) D:9
    Orc (0/2) D:9

Altars:
Ashenzari
Cheibriados
Elyvilon
Nemelex Xobeh
Okawaru
Qazlal
Sif Muna
Trog
Uskayaw
Xom
Yredelemnul
Zin

Shops:
D:7 (   D:10 :

Annotations:
D:11 Sonja


Message History

The yak closely misses you. The yak gores you but does no damage.
The yak barely misses you.
You riposte.
You hit the yak but do no damage.
The yak is lightly wounded.
The yak gores you.
* * * LOW HITPOINT WARNING * * *
You feel yourself speed up. The yak barely misses you.
You riposte.
You hit the yak. You freeze the yak.
The yak is moderately wounded.
The yak gores you.
* * * LOW HITPOINT WARNING * * *
The yak misses you. The yak gores you!
* * * LOW HITPOINT WARNING * * *
You are very lightly contaminated with residual magic.
The barbs in your skin will harm you if you move.
Continue?
Okay, then.
Unknown command.
It was a potion of agility.
You feel agile all of a sudden. The yak gores you!
You die...

#.# #.###
#... #..#
#..# #..#
#..# ###..#
#..@Y####..
#.YYY.......
#..O........
#...>.......
#...#.....##
#...#.!...#
###)#.....#
#)#######
...


You could see 4 yaks and an ogre.

Vanquished Creatures
  Gastronok (D:10)
  2 hill giants (D:10)
  A manticore (D:11)
  A centaur zombie (D:10)
  A centaur skeleton (D:10)
  A komodo dragon (D:9)
  A troll (D:10)
  A hippogriff (D:10)
  2 two-headed ogres
  A wyvern (D:9)
  3 yaks (D:11)
  Grum (D:9)
  Menkaure (D:4)
  A water moccasin (D:8)
  3 sky beasts
  An ice beast (D:5)
  4 black bears
  6 orc warriors
  An eye of draining (D:9)
  3 phantoms
  A necrophage (D:10)
  5 ogres
  2 wolves (D:9)
  A centaur (D:5)
  2 big kobolds (D:7)
  5 bullfrogs
  A gnoll sergeant (D:8)
  A water moccasin skeleton (D:4)
  A killer bee (D:7)
  3 wights (D:8)
  2 howler monkeys (D:10)
  A jelly (D:10)
  6 crimson imps
  5 hounds
  Crazy Yiuf (D:2)
  9 orc priests
  A bullfrog skeleton (D:4)
  10 orc wizards
  Ijyb (D:2)
  2 iguanas
  7 worker ants
  A hound skeleton (D:5)
  Robin (D:2)
  2 howler monkey skeletons (D:9)
  A worker ant zombie (D:9)
  5 gnolls (D:8)
  18 adders
  A shadow imp (D:10)
  2 oozes (D:1)
  2 worms
  A dart slug (D:1)
  3 leopard geckos
  65 orcs
  15 bats
  9 giant cockroaches
  12 goblins
  12 hobgoblins
  10 jackals
  9 kobolds
  3 quokkas (D:6)
  A ball python (D:1)
  A ball python skeleton (D:4)
  3 frilled lizards
  8 rats
288 creatures vanquished.

Vanquished Creatures (others)
  A plant (D:9)
1 creature vanquished.

Grand Total: 289 creatures vanquished

Notes
Turn   | Place    | Note
-------+----------+-------------------------------------------
     0 | D:1      | Stendarr the High Elf Air Elementalist began the quest for the Orb.
     0 | D:1      | Reached XP level 1. HP: 11/11 MP: 4/4
   106 | D:1      | Reached XP level 2. HP: 9/17 MP: 0/6
   215 | D:1      | Reached skill level 2 in Conjurations
   534 | D:1      | Reached XP level 3. HP: 21/21 MP: 6/8
  1149 | D:2      | Reached skill level 3 in Conjurations
  1153 | D:2      | Noticed Robin
  1219 | D:2      | Killed Robin
  1219 | D:2      | Reached XP level 4. HP: 21/27 MP: 1/9
  1248 | D:2      | Found a runed door.
  1300 | D:2      | Learned a level 2 spell: Repel Missiles
  1303 | D:2      | Learned a level 2 spell: Swiftness
  1307 | D:2      | Learned a level 3 spell: Static Discharge
  1326 | D:2      | Noticed Crazy Yiuf
  1345 | D:2      | Killed Crazy Yiuf
  2002 | D:2      | Noticed Ijyb
  2031 | D:2      | Killed Ijyb
  2031 | D:2      | Reached XP level 5. HP: 29/31 MP: 3/12
  2307 | D:2      | Found a deep blue altar of Sif Muna.
  2701 | D:3      | Reached skill level 4 in Conjurations
  2960 | D:3      | Reached XP level 6. HP: 27/36 MP: 8/13
  3038 | D:3      | Found a glowing silver altar of Zin.
  3111 | D:3      | Found a snail-covered altar of Cheibriados.
  3111 | D:3      | Found a white marble altar of Elyvilon.
  3196 | D:3      | Reached skill level 5 in Air Magic
  3736 | D:4      | Reached skill level 5 in Conjurations
  3755 | D:4      | Learned a level 5 spell: Lightning Bolt
  3772 | D:4      | Noticed Menkaure
  3775 | D:4      | Reached skill level 5 in Spellcasting
  3781 | D:4      | Killed Menkaure
  3781 | D:4      | Reached XP level 7. HP: 38/41 MP: 2/16
  4789 | D:5      | Entered Level 5 of the Dungeon
  4840 | D:5      | Reached skill level 6 in Conjurations
  5382 | D:5      | Reached XP level 8. HP: 46/46 MP: 12/18
  5428 | D:5      | Reached skill level 7 in Conjurations
  5703 | D:6      | Found a staircase to the Ecumenical Temple.
  5715 | Temple   | Entered the Ecumenical Temple
  5782 | Temple   | Became a worshipper of Warmaster Okawaru
  6163 | D:6      | Found a stormy altar of Qazlal.
  6790 | D:7      | Reached skill level 8 in Conjurations
  6884 | D:7      | Found Dusywn's Antique Weapon Shop.
  6908 | D:7      | Reached skill level 1 in Fighting
  7892 | D:7      | Reached * piety under Okawaru
  8050 | D:8      | Reached XP level 9. HP: 55/55 MP: 19/19
  8449 | D:8      | Reached skill level 9 in Conjurations
  8804 | D:9      | Reached skill level 5 in Dodging
  8927 | D:9      | Reached skill level 1 in Long Blades
  9202 | D:9      | Reached ** piety under Okawaru
  9312 | D:9      | Noticed Gastronok
  9345 | D:9      | Noticed Grum
  9356 | D:9      | Killed Grum
  9368 | D:10     | Entered Level 10 of the Dungeon
  9368 | D:10     | Found Oxzep's Book Shop.
  9518 | D:10     | Reached skill level 5 in Fighting
  9569 | D:9      | Reached XP level 10. HP: 64/66 MP: 2/20
  9832 | D:10     | Reached skill level 10 in Conjurations
 10415 | D:9      | Found a staircase to the Orcish Mines.
 10566 | D:9      | Reached *** piety under Okawaru
 10566 | D:9      | Reached skill level 5 in Long Blades
 10580 | D:9      | Found a staircase to the Lair.
 11104 | D:10     | Reached **** piety under Okawaru
 11170 | D:10     | Noticed a hill giant
 11206 | D:10     | Killed a hill giant
 11210 | D:10     | Noticed a hill giant
 11291 | D:10     | Killed a hill giant
 11877 | D:10     | Killed Gastronok
 11877 | D:10     | Reached XP level 11. HP: 42/75 MP: 2/21
 12170 | D:11     | Reached ***** piety under Okawaru
 12176 | D:11     | Noticed a hill giant
 12176 | D:11     | Noticed an unseen horror
 12177 | D:11     | Noticed an unseen horror
 12180 | D:11     | Noticed Sonja
 12304 | D:11     | Reached skill level 11 in Conjurations
 12307 | D:11     | HP: 1/75 [yak (12)]
 12308 | D:11     | Mangled by a yak

Skill      XL: |  1  2  3  4  5  6  7  8  9 10 11 |
---------------+----------------------------------+-----
Conjurations   | 2 3 4 5 6 8 9 10 11 | 11.1
Spellcasting   | 3 4 5 6 |  6.0
Air Magic      | 4 5 6 8 |  8.0
Fighting       | 2 5 7 |  7.6
Dodging        | 3 5 8 |  8.4
Long Blades    | 3 7 |  7.7
Stealth        | |  2.1

Action                   |  1- 3 |  4- 6 |  7- 9 | 10-12 || total
-------------------------+-------+-------+-------+-------++-------
Melee: Unarmed           |    12 |       |       |       ||    12
       Quarterstaff      |       |    83 |   149 |       ||   232
       Dagger            |       |       |     7 |       ||     7
       Falchion          |       |       |    28 |   156 ||   184
 Cast: Shock             |    72 |    69 |   146 |   152 ||   439
       Static Discharge  |       |     3 |    28 |     7 ||    38
       Repel Missiles    |       |     2 |       |     1 ||     3
       Lightning Bolt    |       |       |     2 |     5 ||     7
Invok: Heroism           |       |       |       |     1 ||     1
  Use: Potion            |       |       |     1 |     6 ||     7
       Scroll            |       |       |     4 |     5 ||     9
 Stab: Sleeping          |     2 |    12 |     7 |     2 ||    23
       Confused          |       |       |     1 |       ||     1
       Paralysed         |       |       |     1 |       ||     1
  Eat: Chunk             |       |     9 |    19 |    10 ||    38
       Fruit             |       |       |     1 |       ||     1
Armor: Robe              |     5 |    22 |    64 |    46 ||   137
       Skin              |       |       |       |     3 ||     3
Dodge: Dodged            |    23 |    71 |   165 |   175 ||   434
       Deflected         |       |     2 |       |       ||     2
       Rpst.: Falchion   |       |       |    18 |    55 ||    73
